 Dungeon Crawl Stone Soup version 0.29.0-13-gc9e81de378 (console) character file.

Game seed: 17591420292785899512

2444 jejorda2 the Slicer (level 9, -4/72 HPs)
             Began as a Vine Stalker Berserker on Sept 10, 2022.
             Was a Priest of Trog.
             Slain by a gnoll
             ... wielding a +1 halberd of freezing
             ... led by a gnoll bouda
              (7 damage)
             ... on level 8 of the Dungeon.
             The game lasted 00:16:47 (7295 turns).

jejorda2 the Slicer (Vine Stalker Berserker)        Turns: 7295, Time: 00:16:49

Health: -4/72      AC: 13    Str: 24    XL:     9   Next: 49%
Magic:  0/10       EV:  8    Int:  7    God:    Trog [***...]
Gold:   308        SH:  0    Dex: 14    Spells: 8/8 levels left

rFire   . . .      SeeInvis .   a - +2 dagger (speed)
rCold   . . .      Faith    .   (no shield)
rNeg    . . .      Spirit   +   h - +0 chain mail
rPois   .          Reflect  .   (no helmet)
rElec   .          Harm     .   c - +1 cloak
rCorr   .          Rampage  .   x - +1 pair of gloves {hurl}
Will    +....                   (no boots)
Stlth   ..........              (no amulet)
HPRegen 1.02/turn               (no ring)
MPRegen 0.12/turn               (no ring)

@: berserking, weakened, very quick
A: fangs 3, regeneration 1, magic shield, antimagic bite, no potion heal 2
a: Renounce Religion, Berserk, Trog's Hand


You were on level 8 of the Dungeon.
You worshipped Trog.
Trog was most pleased with you.
You visited 1 branch of the dungeon, and saw 8 of its levels.
You also visited: Sewer.

You collected 308 gold pieces.

Inventory:

Hand Weapons
 a - a +2 dagger of speed (weapon)
Missiles
 b - 12 boomerangs
 d - 73 stones (quivered)
 e - 25 poisoned darts
 j - 5 javelins
 w - 4 curare-tipped darts
Armour
 c - a +1 cloak (worn)
 h - a +0 chain mail (worn)
 x - a +1 pair of gloves of hurling (worn)
Wands
 o - a wand of flame (22)
 q - a wand of light (10)
Scrolls
 f - 2 scrolls of summoning
 i - a scroll of fear
 l - a scroll of enchant weapon
 t - 4 scrolls of teleportation
Potions
 g - 2 potions of attraction
 k - a potion of berserk rage
 m - 2 potions of ambrosia
 n - a potion of might {unknown}
 p - 5 potions of curing
 r - a potion of haste {unknown}


   Skills:
 - Level 6.0 Fighting
 * Level 9.0 Short Blades
 + Level 3.0 Throwing
 + Level 4.2 Armour
 - Level 1.5 Dodging


You had 8 spell levels left.
You didn't know any spells.
Your spell library was empty.

Dungeon Overview and Level Annotations

Branches:
Dungeon (8/15)             Temple (0/1) D:7           Sewer (visited)
   Lair: D:8-11

Altars:
Ashenzari
Cheibriados
Elyvilon
Uskayaw


Innate Abilities, Weirdness & Mutations

You have razor-sharp teeth.
Your natural rate of healing is unusually fast.
When hurt, damage is shared between your health and your magic reserves.
Your bite disrupts and absorbs the magic of your enemies.
Potions cannot restore your health.


Message History

You are too injured to fight recklessly!
You are too injured to fight recklessly!
You are too injured to fight recklessly!
You are too injured to fight recklessly!
You hit the gnoll.
The gnoll is almost dead.
You hit the gnoll.
You kill the gnoll!
Trog accepts your kill. The gnoll hits you with a +0 whip.
Your Throwing skill increases to level 3!
The gnoll closely misses you.
The gnoll bouda hits you but does no damage.
The gnoll barely misses you.
You see here a +0 flail.
You hit the gnoll bouda but do no damage.
You bite the gnoll bouda. You drain its power.
You feel invigorated.
The gnoll bouda is lightly wounded.
The gnoll hits you with a +1 halberd of freezing!
The gnoll freezes you.
The gnoll bouda hits you but does no damage.
You hit the gnoll bouda but do no damage.
The gnoll bouda is lightly wounded.
You hit the gnoll bouda but do no damage.
You bite the gnoll bouda, but do no damage.
The gnoll bouda is lightly wounded.
The gnoll hits you but does no damage.
The gnoll hits you with a +1 halberd of freezing.
* * * LOW HITPOINT WARNING * * *
The gnoll freezes you.
* * * LOW HITPOINT WARNING * * *
The gnoll bouda hits you with a +0 whip!
* * * LOW HITPOINT WARNING * * *
A red film seems to cover your vision as you go berserk!
You feel yourself moving faster!
You feel mighty! The gnoll barely misses you.
The gnoll bouda hits you but does no damage.
The gnoll hits you with a +1 halberd of freezing!
* * * LOW HITPOINT WARNING * * *
The gnoll freezes you!
You die...

.........##.# #.....#.#
#........##.# ###.....###
#........##.# #.........#
##........##.# #.#..#..#.#
..........##.# #.........#
.............#.#.##....#.#
............##.#..........
............##.).........#
....).......#..g@g.......#
....))......#...g........#
............#............#
...######'###....(......
... #.# #........... ..
#.# #........... .. #<#
#........... . #.#
##+########. . #.#


You could see a gnoll bouda and 2 gnolls.

Vanquished Creatures
  Sigmund (D:3)
  A wyvern (D:6)
  An orc warrior (D:8)
  Pargi (Sewer)
  2 ogres
  2 kobold brigands
  5 bullfrogs
  2 scorpions
  A necrophage (D:7)
  7 wights (D:7)
  2 electric eels (D:6)
  3 hounds
  2 jellies
  3 orc priests
  Jessica (D:3)
  5 iguanas
  4 orc wizards
  6 gnolls
  3 adders
  A shadow imp (D:7)
  A white imp (D:7)
  2 ufetubi
  A worm (D:2)
  2 dart slugs (D:1)
  21 orcs
  4 ball pythons
  8 endoplasms
  7 giant cockroaches
  4 goblins
  8 hobgoblins
  5 jackals (D:2)
  19 kobolds
  5 quokkas
  6 bats
  5 frilled lizards
  3 rats (D:1)
154 creatures vanquished.

Vanquished Creatures (others)
  2 kobolds (D:6)
  25 plants (D:6)
27 creatures vanquished.

Grand Total: 181 creatures vanquished

Notes
Turn   | Place    | Note
-------+----------+-------------------------------------------
     0 | D:1      | jejorda2 the Vine Stalker Berserker began the quest for the
                  | Orb.
     0 | D:1      | Reached XP level 1. HP: 11/11 MP: 2/2
   206 | D:1      | Reached skill level 3 in Short Blades
   206 | D:1      | Reached XP level 2. HP: 16/16 MP: 3/3
   692 | D:1      | Reached XP level 3. HP: 5/20 MP: 1/4
  1039 | D:1      | Found a faded altar of an unknown god.
  1569 | D:2      | Found a snail-covered altar of Cheibriados.
  1655 | D:2      | Gained mutation: Your natural rate of healing is unusually
                  | fast. [Vine Stalker growth]
  1655 | D:2      | Reached XP level 4. HP: 22/24 MP: 5/5
  1657 | D:2      | Reached ** piety under Trog
  2102 | D:3      | Noticed Jessica
  2116 | D:3      | Killed Jessica
  2421 | D:3      | Reached skill level 4 in Short Blades
  2556 | D:3      | Noticed Sigmund
  2595 | D:3      | Killed Sigmund
  2596 | D:3      | Reached XP level 5. HP: 18/29 MP: 3/6
  2596 | D:3      | Reached XP level 6. HP: 21/33 MP: 3/7
  3150 | D:4      | Found a white marble altar of Elyvilon.
  3163 | D:4      | Reached skill level 5 in Short Blades
  3785 | D:5      | Entered Level 5 of the Dungeon
  3842 | D:5      | Reached XP level 7. HP: 30/37 MP: 8/8
  4108 | D:5      | Found a glowing drain.
  4140 | Sewer    | Entered a sewer
  4163 | Sewer    | Noticed Pargi
  4169 | Sewer    | Killed Pargi
  4170 | Sewer    | Reached skill level 6 in Short Blades
  4442 | D:5      | Reached *** piety under Trog
  4454 | D:5      | Found a hide-covered altar of Uskayaw.
  4549 | D:5      | Reached skill level 5 in Fighting
  4549 | D:5      | Gained mutation: You have razor-sharp teeth. [Vine Stalker
                  | growth]
  4549 | D:5      | Reached XP level 8. HP: 43/43 MP: 9/9
  5022 | D:6      | Reached skill level 7 in Short Blades
  5505 | D:6      | Noticed a wyvern
  5666 | D:6      | Killed a wyvern
  5667 | D:6      | Reached skill level 8 in Short Blades
  5667 | D:6      | Reached skill level 1 in Throwing
  6524 | D:7      | Reached XP level 9. HP: 45/48 MP: 10/10
  6634 | D:7      | Found a staircase to the Ecumenical Temple.
  6665 | D:7      | Found a broken altar of Ashenzari.
  6894 | D:7      | Reached **** piety under Trog
  7195 | D:8      | Reached skill level 9 in Short Blades
  7295 | D:8      | HP: 3/72 [gnoll/+1 halberd of freezing[a gnoll bouda] (10)]
  7295 | D:8      | Slain by a gnoll

Illustrated notes

Levels and vault maps discovered:
D:1:      dpeg_arrival_long_road, layout_basic,
          dreamdust_ecumenical_altar_angels_and_demons, minmay_indecisive_spiral
D:2:      layout_basic, basic_altar
D:3:      layout_loops_ring, uniq_jessica, uniq_sigmund
D:4:      layout_basic, elyvilon_altar_5
D:5:      layout_basic, mainiacjoe_overflow_boulevard, portal_sewer_entry_f,
          amcnicky_mini_corridor_feature, chequers_mini_garden
D:6:      layout_layer_cave, corexii_hall_statues_t, serial_bayou_lagoon_a,
          dreamdust_princess_bridge
D:7:      layout_gridville, ashenzari_conservatory_becter,
          minmay_temple_entry_junction_2
D:8:      layout_basic, fedhas_altar_2, gammafunk_ghost_split,
          minmay_misc_feat_doors, minmay_strange_pillars, uniq_maggie,
          uniq_psyche

Skill      XL: |  1  2  3  4  5  6  7  8  9 |
---------------+----------------------------+-----
Short Blades   | 3 4 5 6 8 9 |  9.0
Fighting       | 3 4 5 6 |  6.0
Armour         | 2 3 4 |  4.2
Throwing       | 1 3 |  3.0
Dodging        | |  1.5

Action                   |  1- 3 |  4- 6 |  7- 9 || total
-------------------------+-------+-------+-------++-------
Melee: Short sword       |    35 |       |       ||    35
       Bite              |    27 |    53 |    90 ||   170
       Dagger            |    72 |   170 |   286 ||   528
       Punch             |     1 |     1 |     5 ||     7
Throw: Stone             |       |     1 |       ||     1
Invok: Berserk           |     4 |     1 |     9 ||    14
       Trog's Hand       |       |     1 |     1 ||     2
  Use: Scroll            |       |    11 |     8 ||    19
       Potion            |       |       |     1 ||     1
 Stab: Sleeping          |     1 |       |       ||     1
Armor: Animal skin       |    19 |       |       ||    19
       Chain mail        |    24 |    78 |    92 ||   194
Dodge: Dodged            |    54 |    36 |    69 ||   159
